[Event "Titled Tuesday Blitz November 9 2021"]
[White "Tabatabaei, M. Amin"]
[Black "Libiszewski, Fabien"]
[WhiteFideId "12521213"]
[BlackFideId "616834"]
[WhiteElo "2555"]
[BlackElo "2440"]
[Result "1/2-1/2"]
[Round "04"]
[TimeControl "180+1"]
[Date "2021.11.09"]
[WhiteClock "0:00:03"]
[BlackClock "0:00:05"]

1. a3 g6 2. Nf3 Bg7 3. e4 d6 4. d4 Nf6 5. Nc3 O-O 6. Be2 Nc6 7. O-O Bg4 8. h3 Bxf3 9. Bxf3 e5 10. d5 Nd4 11. Be3 Nxf3+ 12. Qxf3 Nd7 13. Qe2 f5 14. f3 Nf6 15. g4 Qd7 16. Kg2 Rf7 17. a4 a6 18. a5 Raf8 19. Bg5 Ne8 20. Rae1 Bf6 21. Bh6 Bg7 22. Bd2 c6 23. Qc4 Nc7 24. Be3 fxg4 25. fxg4 Rxf1 26. Rxf1 Rxf1 27. Qxf1 cxd5 28. Nxd5 Nxd5 29. Qc4 Qc6 30. Qxd5+ Qxd5 31. exd5 Bf6 32. g5 Bd8 33. b4 Kf7 34. Kf3 Ke7 35. Ke4 Kd7 36. c4 Be7 37. c5 Kc7 38. Kd3 Kd7 39. Kc4 Kc7 40. Kc3 Kd7 41. Kd3 Kc7 42. cxd6+ Bxd6 43. Bc5 e4+ 44. Kxe4 Bg3 45. Kf3 Bh4 46. Kf4 Kd7 47. Bf8 Be1 48. Bc5 Bh4 49. Kg4 Be1 50. h4 Bc3 51. Kf4 Be1 52. Kg4 Bc3 53. h5 Bd2 54. Bf8 Be1 55. Bc5 Bd2 56. hxg6 hxg6 57. Bf8 Be3 58. Bg7 Bd2 59. Bf8 Be3 60. Bc5 Bd2 61. Kh4 Kc7 62. Bf8 Kd7 63. Bc5 Kc7 64. Be7 Kd7 65. Bf8 Kc7 66. Kg4 Kd7 67. Bc5 Kc7 68. d6+ Kd7 69. Kh4 Ke6 70. Kg4 Bc1 71. Bb6 Kxd6 72. Bc5+ Kd5 73. Be7 Bd2 74. Kf3 Kc4 75. Ke4 Bc3 76. Bd6 Bb2 77. Be7 Bc3 78. Bf8 Bb2 79. Be7 Bc3 1/2-1/2


[Site "https://www.chess.com"]

[Event "Titled Tuesday Blitz November 9 2021"]
[White "Ten Hertog, Hugo"]
[Black "Sorokin, Aleksey"]
[WhiteFideId "1026356"]
[BlackFideId "24176460"]
[WhiteElo "2493"]
[BlackElo "2476"]
[Result "1/2-1/2"]
[Round "04"]
[TimeControl "180+1"]
[Date "2021.11.09"]
[WhiteClock "0:00:06"]
[BlackClock "0:00:24"]

1. e4 c5 2. Nc3 d6 3. d4 cxd4 4. Qxd4 Nc6 5. Qd2 g6 6. b3 Bg7 7. Bb2 Nf6 8. O-O-O O-O 9. f3 a5 10. Kb1 Bd7 11. a4 Nb4 12. h4 Rc8 13. h5 Rc5 14. hxg6 hxg6 15. Bd3 Qc7 16. Nge2 Rc8 17. g4 d5 18. Nxd5 Nbxd5 19. exd5 Rxd5 20. Nf4 Rc5 21. g5 Nd5 22. Nxd5 Rxd5 23. Bxg7 Kxg7 24. Qh2 Qxh2 25. Rxh2 Rxg5 26. f4 Rg3 27. Bxg6 Bxa4 28. Bf5 Rc5 29. Rh7+ Kf6 30. Rh6+ Kxf5 31. Rh5+ Kxf4 32. Rf1+ Rf3 33. Rxf3+ Kxf3 34. Rxc5 Bd7 35. Rc7 Bc6 36. Rxe7 f5 37. Kc1 f4 38. Kd2 Kf2 39. Re5 a4 40. b4 f3 41. b5 Bd7 42. c4 a3 43. Re3 a2 44. Ra3 Be6 45. Kc3 Ke3 46. Rxa2 f2 47. Rxf2 Kxf2 48. Kd4 Ke2 49. c5 Bd7 50. c6 Bxc6 51. bxc6 bxc6 52. Kc5 Kd2 53. Kxc6 1/2-1/2


[Site "https://www.chess.com"]

[Event "Titled Tuesday Blitz November 9 2021"]
[White "Tologon tegin, Semetei"]
[Black "Zhigalko, Sergei"]
[WhiteFideId "13800574"]
[BlackFideId "13502956"]
[WhiteElo "2224"]
[BlackElo "2662"]
[Result "0-1"]
[Round "04"]
[TimeControl "180+1"]
[Date "2021.11.09"]
[WhiteClock "0:00:06"]
[BlackClock "0:00:04"]

1. e4 c5 2. Nf3 Nc6 3. d4 cxd4 4. Nxd4 Nf6 5. Nc3 e5 6. Ndb5 d6 7. Bg5 a6 8. Na3 b5 9. Nd5 Be7 10. Bxf6 Bxf6 11. c4 b4 12. Nc2 O-O 13. b3 a5 14. h4 Be6 15. g3 a4 16. Bh3 Nd4 17. Nxd4 exd4 18. Rb1 axb3 19. axb3 Ra2 20. Kf1 Bxd5 21. cxd5 d3 22. Qxd3 Qb6 23. Qf3 Bd4 24. Rh2 Rfa8 25. Kg1 Rd2 26. Rf1 Raa2 27. h5 Qd8 28. Qf4 Be5 29. Qg4 Rab2 30. Rg2 Rxb3 31. h6 g6 32. f4 Bd4+ 33. Kh2 Rbb2 34. Rxd2 Rxd2+ 35. Kh1 b3 36. Qf3 b2 37. Qb3 Qf8 0-1


[Site "https://www.chess.com"]

[Event "Titled Tuesday Blitz November 9 2021"]
[White "Wagner, Dennis"]
[Black "Bortnyk, Olexandr"]
[WhiteFideId "24650684"]
[BlackFideId "14120828"]
[WhiteElo "2355"]
[BlackElo "2723"]
[Result "0-1"]
[Round "04"]
[TimeControl "180+1"]
[Date "2021.11.09"]
[WhiteClock "0:00:02"]
[BlackClock "0:00:02"]

1. d4 d6 2. e4 Nf6 3. Nc3 Nbd7 4. f4 e5 5. Nf3 exd4 6. Qxd4 c6 7. Be2 d5 8. exd5 Bc5 9. Qd3 O-O 10. dxc6 bxc6 11. b3 Re8 12. Bb2 a5 13. Ne5 Ba6 14. Qg3 Bxe2 15. Nxe2 Ne4 16. Qd3 Nxe5 17. fxe5 Qg5 18. Qxe4 Rad8 19. Qf4 Qxg2 20. Rf1 Re7 21. Rd1 Rde8 22. Rd3 Qg6 23. Kd1 Re6 24. Rg3 Qh5 25. Qg4 Qh6 26. Bc1 Rd8+ 27. Ke1 Qg6 28. Qxg6 hxg6 29. Rd3 Rde8 30. Bb2 g5 31. Ng3 f6 32. Kd2 Bb4+ 33. c3 Bf8 34. exf6 gxf6 35. c4 Be7 36. Re3 Bb4+ 37. Rc3 Re3 38. Rc1 Rf3 0-1


[Site "https://www.chess.com"]

[Event "Titled Tuesday Blitz November 9 2021"]
[White "Zubov, Alexander"]
[Black "Obregon, Andres Carlos"]
[WhiteFideId "14109409"]
[BlackFideId "111724"]
[WhiteElo "2685"]
[BlackElo "2572"]
[Result "1/2-1/2"]
[Round "04"]
[TimeControl "180+1"]
[Date "2021.11.09"]
[WhiteClock "0:00:11"]
[BlackClock "0:00:14"]

1. d4 Nf6 2. c4 e6 3. Nf3 d5 4. Nc3 dxc4 5. e4 b5 6. e5 Nd5 7. Nxb5 Nb6 8. a3 Nc6 9. Be3 Na5 10. Qc2 a6 11. Nc3 Be7 12. Rd1 Bb7 13. Be2 Qd7 14. O-O h6 15. Nd2 O-O 16. Nde4 Nd5 17. Bc1 Rad8 18. Rfe1 Qc6 19. Nxd5 Rxd5 20. Bf3 Qb6 21. Nc3 Rxd4 22. Be3 Rxd1 23. Rxd1 Qb3 24. Qxb3 cxb3 25. Bxb7 Nxb7 26. Rd7 Bd8 27. Kf1 Na5 28. Bc5 Re8 29. f4 Nc4 30. Na4 f6 31. Rd4 Ne3+ 32. Kf2 Nd5 33. Ke2 g5 34. g3 Kf7 35. Kd3 Rg8 36. fxg5 fxe5 37. Re4 Bxg5 38. Rxe5 Bf6 39. Re2 Rb8 40. Kc4 Rb5 41. Rf2 Kg6 42. Re2 Kf7 43. Bd4 Nb6+ 44. Nxb6 Bxd4 45. Na4 e5 46. Nc3 Rb6 47. Nd5 Rb7 48. Re1 a5 49. Re2 c6 50. Nc3 Ke6 51. Ne4 Rf7 52. Kxb3 Rf1 53. Ka4 Kd5 54. Kxa5 Rb1 55. b4 Rb3 56. Ka4 Rb1 57. Nf6+ Kc4 58. Re4 Kd3 59. Rh4 Rf1 60. Rxh6 e4 61. Nxe4 Kxe4 62. Rxc6 Kd5 63. Rh6 Ra1 64. Rh5+ Kc4 65. Rh4 Kc3 66. Rf4 Ra2 67. h3 Rh2 68. h4 Be5 69. Rf3+ Kc4 70. Re3 Kd4 71. Re1 Bxg3 72. Rd1+ Kc4 73. Rc1+ Kd5 74. Rd1+ Kc6 75. Rc1+ Kb7 76. Rg1 Bxh4 77. Rg7+ Kb6 78. Rh7 Bg3 79. Rxh2 Bxh2 80. Kb3 Bd6 81. Kc4 Be7 82. a4 Bxb4 83. Kxb4 Ka7 84. a5 Ka8 85. a6 Ka7 86. Ka4 Kxa6 1/2-1/2


[Site "https://www.chess.com"]

[Event "Titled Tuesday Blitz November 9 2021"]
[White "Aditya Mittal"]
[Black "Siva Mahadevan"]
[WhiteFideId "35042025"]
[BlackFideId "25043153"]
[WhiteElo "2245"]
[BlackElo "2203"]
[Result "0-1"]
[Round "05"]
[TimeControl "180+1"]
[Date "2021.11.09"]
[WhiteClock "0:00:04"]
[BlackClock "0:00:51"]

1. d4 d5 2. c4 c6 3. Nc3 Nf6 4. cxd5 cxd5 5. f3 Nc6 6. e4 dxe4 7. d5 Ne5 8. fxe4 e6 9. Nf3 Nxf3+ 10. Qxf3 exd5 11. e5 Nd7 12. Qxd5 Bc5 13. Bc4 O-O 14. Ne4 Bb4+ 15. Ke2 Qh4 16. Be3 Nb6 17. Bxb6 Bg4+ 18. Ke3 axb6 19. Rhf1 Be6 20. Qd4 Qh6+ 21. Kf2 Rad8 22. Qxb6 Bxc4 23. Qxb4 Qf4+ 24. Kg1 Qxe4 25. Rfe1 Qd4+ 26. Kh1 Be6 27. Qxb7 Rb8 28. Qf3 Rxb2 29. Rad1 Qg4 30. Qc3 Qxg2# 0-1


[Site "https://www.chess.com"]

[Event "Titled Tuesday Blitz November 9 2021"]
[White "Andreikin, Dmitry"]
[Black "Kovalenko, Igor"]
[WhiteFideId "4158814"]
[BlackFideId "14117908"]
[WhiteElo "2736"]
[BlackElo "2629"]
[Result "0-1"]
[Round "05"]
[TimeControl "180+1"]
[Date "2021.11.09"]
[WhiteClock "0:00:22"]
[BlackClock "0:01:13"]

1. d4 Nf6 2. c4 e6 3. Nf3 b6 4. g3 Ba6 5. Nbd2 Bb4 6. Qb3 c5 7. Bg2 Nc6 8. O-O cxd4 9. Nxd4 Nxd4 10. Qxb4 Nxe2+ 11. Kh1 Rb8 12. Qa3 Nxc1 13. Qxa6 Nd3 14. Qxa7 O-O 15. Qa3 Ne5 16. Qd6 Ng6 17. b4 h5 18. a4 h4 19. a5 hxg3 20. fxg3 bxa5 21. bxa5 Ng4 22. a6 Qg5 23. a7 Qh6 24. Nf3 Ra8 25. Qd4 f5 26. Qg1 Ne3 27. Rfb1 e5 28. Nxe5 Nxe5 29. Bxa8 Rxa8 30. Rb8+ Kh7 31. Rxa8 Qc6+ 0-1


[Site "https://www.chess.com"]

[Event "Titled Tuesday Blitz November 9 2021"]
[White "Baskin, Robert"]
[Black "Adly, Ahmed"]
[WhiteFideId "24662402"]
[BlackFideId "10601619"]
[WhiteElo "2488"]
[BlackElo "2683"]
[Result "0-1"]
[Round "05"]
[TimeControl "180+1"]
[Date "2021.11.09"]
[WhiteClock "0:00:02"]
[BlackClock "0:00:12"]

1. e4 c6 2. d4 d5 3. e5 Bf5 4. Nc3 e6 5. g4 Bg6 6. Nge2 h6 7. h4 c5 8. Be3 Nc6 9. h5 Bh7 10. f4 Qb6 11. Na4 Qa5+ 12. c3 Be4 13. Rh3 cxd4 14. Nxd4 Nxd4 15. Qxd4 Ne7 16. Nc5 Nc6 17. Qa4 Qxa4 18. Nxa4 b6 19. Ba6 Rb8 20. O-O-O Be7 21. Bb5 Rc8 22. c4 O-O 23. Nc3 Nb8 24. Nxe4 dxe4 25. b3 a6 26. Bd7 Rc7 27. Bxe6 fxe6 28. Bxb6 Rb7 29. Be3 Nc6 30. Rh2 Nb4 31. Rd4 Bc5 32. Rxe4 Bxe3+ 33. Rxe3 Rxf4 34. Rd2 Rxg4 35. a3 Nc6 36. Rd6 Nd4 37. b4 a5 38. Rd3 Nf5 39. Rxe6 Rxc4+ 40. Kd2 axb4 41. axb4 Rcxb4 42. Rf3 Rb2+ 43. Kc1 Rb1+ 44. Kc2 Nd4+ 0-1


[Site "https://www.chess.com"]

[Event "Titled Tuesday Blitz November 9 2021"]
[White "Bazeev, German"]
[Black "Sorensen, Hampus"]
[WhiteFideId "24119350"]
[BlackFideId "8703884"]
[WhiteElo "2462"]
[BlackElo "2213"]
[Result "1-0"]
[Round "05"]
[TimeControl "180+1"]
[Date "2021.11.09"]
[WhiteClock "0:02:27"]
[BlackClock "0:02:10"]

1. d4 Nf6 2. Nf3 d5 3. c4 dxc4 4. e3 e6 5. Bxc4 a6 6. O-O b5 7. Be2 Bb7 8. a4 b4 9. Ne5 Nbd7 10. Bf3 Bxf3 11. Qxf3 Nxe5 12. dxe5 Nd5 13. a5 Be7 14. e4 c6 15. exd5 exd5 16. Qg4 g6 17. Bh6 c5 18. Nd2 c4 19. Rfe1 d4 20. Nxc4 1-0


[Site "https://www.chess.com"]

[Event "Titled Tuesday Blitz November 9 2021"]
[White "Bologan, Victor"]
[Black "Tabatabaei, M. Amin"]
[WhiteFideId "13900048"]
[BlackFideId "12521213"]
[WhiteElo "2472"]
[BlackElo "2555"]
[Result "1-0"]
[Round "05"]
[TimeControl "180+1"]
[Date "2021.11.09"]
[WhiteClock "0:00:37"]
[BlackClock "0:00:34"]

1. e4 c5 2. Nf3 d6 3. c3 Nf6 4. Bd3 Nc6 5. Bc2 Bg4 6. h3 Bh5 7. d4 Bxf3 8. gxf3 e5 9. Ba4 exd4 10. cxd4 cxd4 11. Qxd4 Be7 12. Nc3 O-O 13. Bxc6 bxc6 14. Rg1 Re8 15. Be3 Rb8 16. O-O-O Qb6 17. Qd2 Qa6 18. Kb1 g6 19. Bd4 Nd7 20. f4 Nb6 21. f5 Nc4 22. Qh6 Bf8 23. Qh4 Rxb2+ 24. Ka1 Qa3 25. fxg6 fxg6 26. Rxg6+ hxg6 27. Qh8+ Kf7 28. Qf6+ 1-0


[Site "https://www.chess.com"]

[Event "Titled Tuesday Blitz November 9 2021"]
[White "Bortnyk, Olexandr"]
[Black "Vasquez Schroeder, Rodrigo"]
[WhiteFideId "14120828"]
[BlackFideId "3400042"]
[WhiteElo "2723"]
[BlackElo "2568"]
[Result "1-0"]
[Round "05"]
[TimeControl "180+1"]
[Date "2021.11.09"]
[WhiteClock "0:01:23"]
[BlackClock "0:01:04"]

1. e4 c6 2. d4 d5 3. Nc3 dxe4 4. Nxe4 Nd7 5. Nf3 Ngf6 6. Nc3 e6 7. Bd3 Bd6 8. O-O O-O 9. Re1 Qc7 10. Qe2 a6 11. Bg5 h6 12. Bh4 c5 13. Ne4 Nxe4 14. Qxe4 g6 15. Qg4 Kh8 16. Rxe6 Nb6 17. Bf6+ Kh7 18. Ng5+ Kg8 19. Qh5 Bxh2+ 20. Kh1 Nd5 21. Qxh6 Nxf6 22. Rxf6 Bf4 23. Qh7# 1-0


[Site "https://www.chess.com"]

[Event "Titled Tuesday Blitz November 9 2021"]
[White "Cunjalo, Faris"]
[Black "Hansen, Eric"]
[WhiteFideId "14410710"]
[BlackFideId "2606771"]
[WhiteElo "2263"]
[BlackElo "2568"]
[Result "1/2-1/2"]
[Round "05"]
[TimeControl "180+1"]
[Date "2021.11.09"]
[WhiteClock "0:00:02"]
[BlackClock "0:00:02"]

1. d4 Nf6 2. c4 g6 3. h4 c5 4. d5 b5 5. cxb5 a6 6. e3 Bg7 7. Nc3 d6 8. a4 O-O 9. Nf3 Bg4 10. Bc4 axb5 11. Bxb5 Nbd7 12. O-O Ne5 13. Be2 Bxf3 14. Bxf3 Qa5 15. Be2 Rfb8 16. Bb5 Qb4 17. g3 c4 18. Qc2 Ne8 19. Bd2 Nf3+ 20. Kg2 Nxd2 21. Qxd2 Nc7 22. Bc6 Ra5 23. Ra2 h5 24. e4 Na6 25. Rd1 Nc5 26. Bb5 Nd3 27. Qc2 Qc5 28. Raa1 Bf6 29. Rab1 Nb4 30. Qe2 Kg7 31. Qxc4 Qxc4 32. Bxc4 Rc5 33. Bb5 Bxc3 34. bxc3 Na2 35. Rb3 Nxc3 36. Rd4 f5 37. exf5 gxf5 38. Rc4 Rbxb5 39. Rbxc3 Rxc4 40. Rxc4 Rxd5 41. Rc7 Kf6 42. Kf3 Rd3+ 43. Ke2 Ra3 44. Rc4 d5 45. Rb4 Ke5 46. f4+ Kd6 47. Kf2 Kc5 48. Rb5+ Kc4 49. Rb7 Ra2+ 50. Kf3 Ra3+ 51. Kf2 Rxa4 52. Rxe7 d4 53. Rf7 Ra2+ 54. Kf3 Ra3+ 55. Kf2 Ra5 56. Rh7 d3 57. Rd7 Ra2+ 58. Ke3 Re2+ 59. Kf3 Re8 60. Rc7+ Kb3 61. Rd7 Kc2 62. Rc7+ Kd1 63. Rd7 Kd2 64. Rd5 Kc2 65. Rc5+ Kd1 66. Rxf5 Ke1 67. Rd5 d2 68. g4 d1=Q+ 69. Rxd1+ Kxd1 70. g5 Kd2 71. f5 Kd3 72. g6 Kd4 73. Kf4 Kd5 74. Kg5 Ke5 75. f6 Ke6 76. f7 Ra8 77. Kh6 Kf6 78. Kh7 Rf8 79. g7 Rxf7 80. Kh8 Rxg7 1/2-1/2


[Site "https://www.chess.com"]

[Event "Titled Tuesday Blitz November 9 2021"]
[White "Dzhumagaliev, Yan"]
[Black "Sjugirov, Sanan"]
[WhiteFideId "24100110"]
[BlackFideId "4189302"]
[WhiteElo "2507"]
[BlackElo "2653"]
[Result "1-0"]
[Round "05"]
[TimeControl "180+1"]
[Date "2021.11.09"]
[WhiteClock "0:00:09"]
[BlackClock "0:00:04"]

1. Nf3 d5 2. h4 c5 3. h5 h6 4. c3 Nc6 5. d4 Nf6 6. Bf4 cxd4 7. cxd4 Qb6 8. Qb3 Qxb3 9. axb3 Nb4 10. Na3 Bd7 11. Ne5 e6 12. f3 Rc8 13. Bd2 a6 14. e3 Bd6 15. Bc3 Bc6 16. Kd2 Nd7 17. Nxc6 Rxc6 18. Nc2 Rb6 19. Nxb4 Bxb4 20. Rc1 Ke7 21. Bxb4+ Rxb4 22. Rc3 Rb6 23. Bd3 Ra8 24. g4 a5 25. Ra1 Kd6 26. e4 dxe4 27. fxe4 e5 28. Ra4 f6 29. Ke3 Rc6 30. d5 Rb6 31. Rac4 a4 32. b4 Rba6 33. Rc7 R6a7 34. Bb5 Rd8 35. Rxd7+ Rxd7 36. Bxd7 Kxd7 37. Kd3 Ra6 38. Kc4 Rb6 39. Kc5 Ra6 40. Kb5 Kd6 41. Ra3 Ra8 42. Rc3 Ra6 43. Ra3 Ra8 44. Kb6 Rc8 45. Rxa4 Rc4 46. b3 Rxe4 47. Kxb7 Kxd5 48. Kc7 Rxg4 49. b5 Rg3 50. Rb4 Rc3+ 51. Kd7 Kc5 52. b6 Kxb4 53. b7 Rd3+ 54. Ke7 e4 55. b8=Q+ Kc3 56. Qc7+ Kd2 57. Qf4+ e3 58. b4 Rb3 59. Qd4+ Kc2 60. Qc4+ Rc3 61. Qe2+ Kb3 62. b5 Rc5 63. b6 Kb4 64. Qxe3 Rb5 65. Kf7 1-0


[Site "https://www.chess.com"]

[Event "Titled Tuesday Blitz November 9 2021"]
[White "FGHSMN"]
[Black "Maghsoodloo, Parham"]
[BlackFideId "12539929"]
[WhiteElo "2671"]
[BlackElo "2601"]
[Result "0-1"]
[Round "05"]
[TimeControl "180+1"]
[Date "2021.11.09"]
[WhiteClock "0:00:12"]
[BlackClock "0:01:27"]

1. b3 d5 2. Bb2 Bf5 3. d3 Nf6 4. Nd2 e6 5. g3 Be7 6. Bg2 O-O 7. e4 Bg6 8. Ne2 a5 9. a3 a4 10. b4 c5 11. bxc5 Bxc5 12. O-O dxe4 13. Bxf6 Qxf6 14. Nxe4 Bxe4 15. Bxe4 Nc6 16. c3 e5 17. Qb1 Qe7 18. Qa2 Kh8 19. Kh1 f5 20. Bg2 f4 21. Be4 Rad8 22. Ng1 Na5 23. Nf3 Nb3 24. Rae1 Bxa3 25. Nxe5 Qxe5 26. Qxa3 Qxc3 27. Bxb7 fxg3 28. fxg3 Rxf1+ 29. Rxf1 Qc5 30. Qxa4 Nd2 31. Qh4 Qb6 32. Rd1 Qxb7+ 33. Kg1 Nf3+ 0-1


[Site "https://www.chess.com"]

[Event "Titled Tuesday Blitz November 9 2021"]
[White "Jaracz, Pawel"]
[Black "Grachev, Boris"]
[WhiteFideId "1102222"]
[BlackFideId "4129199"]
[WhiteElo "2495"]
[BlackElo "2555"]
[Result "1-0"]
[Round "05"]
[TimeControl "180+1"]
[Date "2021.11.09"]
[WhiteClock "0:00:23"]
[BlackClock "0:00:01"]

1. e4 c5 2. Nf3 e6 3. d4 cxd4 4. Nxd4 Nf6 5. Nc3 Nc6 6. Ndb5 Bc5 7. Nd6+ Ke7 8. Nxc8+ Rxc8 9. Bd3 Qc7 10. O-O h5 11. Bg5 Kf8 12. Bh4 a6 13. Kh1 Ng4 14. Bg3 Bd6 15. Be2 Bxg3 16. hxg3 Nce5 17. Kg1 Ke7 18. Qd2 f6 19. Rad1 b5 20. a3 Qb6 21. Na2 Qc5 22. c3 Qc7 23. Nb4 a5 24. Nd3 Nc4 25. Qc1 a4 26. Nf4 Nce5 27. f3 Qb6+ 28. Rd4 Nc6 29. Ng6+ Kf7 30. Nxh8+ Rxh8 31. fxg4 e5 32. g5 exd4 33. Kh1 h4 34. g4 Qc7 35. cxd4 h3 36. e5 hxg2+ 37. Kxg2 Qb6 38. gxf6 g6 39. Rh1 Rxh1 40. Qxh1 Qxd4 41. Qh7+ Ke6 42. Qg8+ Kxe5 43. f7 Qd5+ 44. Bf3 Qd2+ 45. Kf1 Qc1+ 46. Kf2 Qd2+ 47. Be2 Qf4+ 48. Kg2 Qe4+ 49. Bf3 Qc2+ 50. Kh3 1-0


[Site "https://www.chess.com"]

[Event "Titled Tuesday Blitz November 9 2021"]
[White "Kamsky, Gata"]
[Black "Macovei, Andrei"]
[WhiteFideId "2000024"]
[BlackFideId "13904680"]
[WhiteElo "2645"]
[BlackElo "2389"]
[Result "1-0"]
[Round "05"]
[TimeControl "180+1"]
[Date "2021.11.09"]
[WhiteClock "0:01:22"]
[BlackClock "0:00:05"]

1. e4 e5 2. f4 Nc6 3. Bc4 Nf6 4. Nf3 exf4 5. e5 d5 6. Bb5 Nd7 7. d4 Ne7 8. Bxf4 c6 9. Bd3 Ng6 10. Bg3 Be7 11. c3 Ndf8 12. O-O Be6 13. Nbd2 h5 14. h3 h4 15. Bh2 Qd7 16. b4 O-O-O 17. Nb3 b6 18. a4 Kb8 19. Rb1 Rc8 20. Qe2 Ka8 21. Rfc1 Bf5 22. Bxf5 Qxf5 23. c4 Ne6 24. b5 dxc4 25. Qxc4 cxb5 26. Qd5+ Kb8 27. Na5 Rc7 28. Nc6+ Rxc6 29. Qxc6 b4 30. Kh1 Rd8 31. d5 Nc5 32. e6+ Nf4 33. Rxb4 Bd6 34. Rxc5 1-0


[Site "https://www.chess.com"]

[Event "Titled Tuesday Blitz November 9 2021"]
[White "Kollars, Dmitrij"]
[Black "Babazada, Khazar"]
[WhiteFideId "12909572"]
[BlackFideId "13413554"]
[WhiteElo "2584"]
[BlackElo "2302"]
[Result "1-0"]
[Round "05"]
[TimeControl "180+1"]
[Date "2021.11.09"]
[WhiteClock "0:01:48"]
[BlackClock "0:01:57"]

1. e4 e5 2. Nf3 Nc6 3. Bb5 Nf6 4. O-O Nxe4 5. Re1 Nd6 6. Bf1 Be7 7. Nxe5 Nxe5 8. Rxe5 O-O 9. Nc3 Ne8 10. Nd5 Bd6 11. Re1 c6 12. Ne3 Bc7 13. Nf5 d5 14. Ne7+ Kh8 15. Nxc8 Qxc8 16. d3 Qd7 17. Qf3 Nd6 18. c3 f6 19. g3 Rae8 20. Bd2 Nf7 21. a4 Ne5 22. Qg2 Qf5 23. Re3 Bb6 24. d4 Nf7 25. Bd3 Qd7 26. a5 Bc7 27. a6 b6 28. Rae1 Rxe3 29. Rxe3 Re8 30. Qh3 1-0


[Site "https://www.chess.com"]

[Event "Titled Tuesday Blitz November 9 2021"]
[White "Kretov, Evgenij"]
[Black "Pichot, Alan"]
[WhiteFideId "4167821"]
[BlackFideId "110973"]
[WhiteElo "2303"]
[BlackElo "2600"]
[Result "0-1"]
[Round "05"]
[TimeControl "180+1"]
[Date "2021.11.09"]
[WhiteClock "0:00:17"]
[BlackClock "0:00:58"]

1. d4 Nf6 2. c4 e6 3. Nc3 Bb4 4. Bg5 h6 5. Bh4 b6 6. Qc2 Bb7 7. e3 g5 8. Bg3 Ne4 9. f3 Bxc3+ 10. bxc3 Nxg3 11. hxg3 d6 12. g4 Nd7 13. Bd3 Qe7 14. Be4 O-O-O 15. Kf2 h5 16. gxh5 f5 17. Bxb7+ Kxb7 18. Ne2 Rdf8 19. a4 a5 20. Rab1 e5 21. Ng3 Qf7 22. e4 Qxc4 23. Nxf5 exd4 24. Nxd4 Ne5 25. Qb3 Qd3 26. Qd5+ Kc8 27. Ne2 Rxf3+ 28. gxf3 Qxf3+ 29. Kg1 Qxe2 30. Rf1 Kb8 31. Qe6 g4 32. Qf6 Nf3+ 33. Rxf3 gxf3 34. Qxh8+ Kb7 35. Rh2 Qe1# 0-1


[Site "https://www.chess.com"]

[Event "Titled Tuesday Blitz November 9 2021"]
[White "Lazavik, Denis"]
[Black "Makhnev, Denis"]
[WhiteFideId "13515110"]
[BlackFideId "13707647"]
[WhiteElo "2436"]
[BlackElo "2537"]
[Result "1-0"]
[Round "05"]
[TimeControl "180+1"]
[Date "2021.11.09"]
[WhiteClock "0:00:04"]
[BlackClock "0:00:02"]

1. d4 d5 2. c4 e6 3. Nf3 Nf6 4. Nc3 c5 5. cxd5 Nxd5 6. e4 Nxc3 7. bxc3 cxd4 8. cxd4 Bb4+ 9. Bd2 Bxd2+ 10. Qxd2 O-O 11. Bc4 Nd7 12. O-O b6 13. Rfe1 Bb7 14. Rad1 Rc8 15. Bb3 Re8 16. Re3 Rc7 17. Qe1 Nf6 18. Ne5 Qd6 19. h4 Rec8 20. f4 b5 21. g4 a5 22. a4 b4 23. g5 Nh5 24. Qf2 Rc3 25. f5 Rxe3 26. Qxe3 Ba6 27. fxe6 fxe6 28. Qf3 g6 29. Qf7+ Kh8 30. Bxe6 Rf8 31. Qd7 Qxd7 32. Bxd7 Ng3 33. Bc6 b3 34. Rb1 Ne2+ 35. Kg2 Nxd4 36. Bd5 Rb8 37. Nf7+ Kg7 38. Nd6 b2 39. Bc4 Bxc4 40. Nxc4 Rb4 41. Nxa5 Rxa4 42. Nb7 Rb4 43. Nc5 Nb5 44. Nd3 Rxe4 45. Rxb2 Nd4 46. Rb7+ Kg8 47. h5 gxh5 48. Nc5 1-0


[Site "https://www.chess.com"]

[Event "Titled Tuesday Blitz November 9 2021"]
[White "Leitao, Rafael"]
[Black "Ibrahimli, Murad"]
[WhiteFideId "2101246"]
[BlackFideId "13410229"]
[WhiteElo "2609"]
[BlackElo "2109"]
[Result "0-1"]
[Round "05"]
[TimeControl "180+1"]
[Date "2021.11.09"]
[WhiteClock "0:00:01"]
[BlackClock "0:00:21"]

1. c4 Nf6 2. Nc3 e5 3. Nf3 Nc6 4. e4 Bb4 5. d3 d6 6. a3 Bc5 7. b4 Bb6 8. Be3 O-O 9. Be2 Bg4 10. O-O Bxf3 11. Bxf3 Nd4 12. Na4 Nxf3+ 13. Qxf3 Nd7 14. c5 dxc5 15. bxc5 Ba5 16. Rab1 Rb8 17. d4 exd4 18. Bxd4 c6 19. Rfd1 Qe7 20. Bxg7 Kxg7 21. Qg4+ Kh8 22. Rxd7 Qe5 23. Qf5 Qxf5 24. exf5 b5 25. cxb6 axb6 26. Kf1 Kg7 27. Rd6 Rfc8 28. f6+ Kg6 29. Rb3 Re8 30. Rg3+ Kf5 31. Rf3+ Kg6 32. g3 Rbc8 33. Rf4 Re6 34. Rxe6 fxe6 35. Nb2 e5 36. Rf3 b5 37. Nd3 Bc7 38. Nc5 Bd6 39. Ne4 Bf8 40. g4 c5 41. h4 h5 42. gxh5+ Kxh5 43. Rf5+ Kxh4 44. Kg2 Kg4 45. Rxe5 Kf4 46. Re6 Kf5 47. Nd6+ Kxe6 48. Nxc8 c4 49. Kf3 Bc5 50. Ke2 Kxf6 51. Kd2 Ke6 52. a4 b4 53. a5 Bxf2 0-1


[Site "https://www.chess.com"]

[Event "Titled Tuesday Blitz November 9 2021"]
[White "Llorente Zaro, Alfonso"]
[Black "Zubov, Alexander"]
[WhiteFideId "2254131"]
[BlackFideId "14109409"]
[WhiteElo "2480"]
[BlackElo "2685"]
[Result "0-1"]
[Round "05"]
[TimeControl "180+1"]
[Date "2021.11.09"]
[WhiteClock "0:00:01"]
[BlackClock "0:00:12"]

1. b3 d5 2. e3 e5 3. Bb2 Bd6 4. Nf3 Nd7 5. c4 dxc4 6. bxc4 Ngf6 7. Nc3 a6 8. d4 b6 9. Be2 Bb7 10. O-O O-O 11. a4 exd4 12. exd4 Re8 13. a5 Bb4 14. axb6 cxb6 15. Qb3 Bxc3 16. Bxc3 Rxe2 17. Ne5 Nxe5 18. dxe5 Ne4 19. Rad1 Qc7 20. Bd4 Nc5 21. Qg3 Ne6 22. Be3 Qxc4 23. Rc1 Qe4 24. Rfd1 h5 25. h4 b5 26. Rd7 Bc6 27. Rd6 Bd5 28. Kh2 b4 29. Bh6 Qg4 30. Qxg4 hxg4 31. Be3 Be4 32. Rc4 Bf5 33. Rxb4 g6 34. Ra4 a5 35. Rd5 Kg7 36. Rdxa5 Rxa5 37. Rxa5 Rc2 38. Kg3 Rc4 39. Rb5 Re4 40. Ra5 Nd4 41. Bg5 Ne2+ 42. Kh2 g3+ 43. fxg3 Rc4 44. Bf6+ Kh6 45. Ra7 Be6 46. g4 g5 47. Bxg5+ Kg6 48. Ra8 Bxg4 49. Bf6 Kf5 50. Rg8 Ke6 51. Re8+ Kf5 52. Rg8 Nc1 53. Rg5+ Ke6 54. Rg7 Bf5 55. Rg5 Nd3 56. h5 Rg4 57. Rxg4 Bxg4 58. h6 Bf5 59. Kg3 Nxe5 60. Bg7 Bh7 61. Kf4 Nd3+ 62. Kg5 Ne1 63. g4 Nf3+ 64. Kf4 Nd2 65. Kg5 Ne4+ 66. Kf4 Nc5 67. g5 Nd7 68. Bh8 Nb6 69. Bg7 Nd5+ 70. Kg4 Bg6 71. Bh8 Kd6 72. Bg7 Kc5 73. Bh8 Kc4 74. Kf3 Kd3 75. Bg7 Nc7 76. Kf4 Ne6+ 77. Ke5 Nxg5 78. Kf6 Nh7+ 79. Ke7 Ke4 80. Bf6 Kf5 81. Bh4 Kg4 82. Bf6 Kh5 83. Bg7 f5 84. Kd6 f4 85. Kc5 f3 86. Bd4 Kxh6 87. Bf2 Kg5 88. Kd4 Kf4 89. Be3+ Kg3 90. Ke5 Bb1 91. Bf4+ Kg2 92. Be3 Ng5 93. Ba7 Ne4 94. Kf4 Nc3 95. Bb6 Nd5+ 0-1


[Site "https://www.chess.com"]

[Event "Titled Tuesday Blitz November 9 2021"]
[White "Madaminov, Mukhiddin"]
[Black "Ahmadzada, Ahmad"]
[WhiteFideId "14210703"]
[BlackFideId "13413007"]
[WhiteElo "1855"]
[BlackElo "2226"]
[Result "1-0"]
[Round "05"]
[TimeControl "180+1"]
[Date "2021.11.09"]
[WhiteClock "0:00:28"]
[BlackClock "0:00:01"]

1. e4 c5 2. Nf3 e6 3. d4 cxd4 4. Nxd4 Nf6 5. Nc3 d6 6. g4 a6 7. g5 Nfd7 8. Rg1 b5 9. h4 Bb7 10. a3 Nc6 11. Be3 Rc8 12. Qe2 Nce5 13. Qd2 Nc4 14. Bxc4 Rxc4 15. h5 Ne5 16. O-O-O Rc8 17. g6 Nc4 18. gxf7+ Kxf7 19. Qe2 Qa5 20. Qg4 Re8 21. Rg3 b4 22. Rf3+ Kg8 23. Nxe6 g6 24. hxg6 h5 25. g7 hxg4 26. Rxf8+ Kh7 27. gxh8=Q+ 1-0


[Site "https://www.chess.com"]